 Dungeon Crawl Stone Soup version 0.30.0 (webtiles) character file.

Game seed: 8095914595384488056

5 ChaosMuffin the Grasshopper (level 1, -5/10 HPs)
             Began as a Spriggan Warper on Nov 13, 2023.
             Slain by a kobold
             ... wielding a +2 whip of distortion
              (10 damage)
             ... on level 1 of the Dungeon.
             The game lasted 00:02:11 (72 turns).

ChaosMuffin the Grasshopper (Spriggan Warper)         Turns: 72, Time: 00:02:12

Health: -5/10      AC:  2    Str:  7    XL:     1   Next: 66%
Magic:  5/5        EV: 17    Int: 14    God:
Gold:   0          SH:  0    Dex: 14    Spells: 5/5 levels left

rFire   . . .        a - +0 spear
rCold   . . .        (no shield)
rNeg    . . .        b - +0 robe
rPois   .            (helmet restricted)
rElec   .            (no cloak)
rCorr   .            (gloves unavailable)
SInv    +            (boots unavailable)
Will    .....        (no amulet)
Stlth   +            (no ring)
HPRegen 0.21/turn    (no ring)
MPRegen 0.09/turn

%: no passive effects
@: very quick
A: very small, no large weapons, unfitting armour, see invisible, speed 3
a: no special abilities


You were on level 1 of the Dungeon.
You visited 1 branch of the dungeon, and saw 1 of its levels.

Inventory:

Hand Weapons
 a - a +0 spear (weapon)
Missiles
 d - 5 boomerangs of dispersal (quivered)
Armour
 b - a +0 robe (worn)
Scrolls
 c - a scroll of blinking
 e - a scroll of teleportation {unknown}
Potions
 f - a potion of curing {unknown}


   Skills:
 + Level 1.5 Fighting
 + Level 1.4 Polearms
 + Level 1.0 Throwing
 + Level 3.4 Dodging
 + Level 2.9 Spellcasting
 + Level 4.5 Translocations


You had 5 spell levels left.
You didn't know any spells.
Your spell library contained the following spells:

 Spells                   Type           Power      Damage    Failure   Level
 Blink                    Tloc           28%        N/A       4%          2
 Lesser Beckoning         Tloc           28%        N/A       4%          2
 Teleport Other           Tloc           14%        N/A       10%         3
 Vhi's Electric Charge    Tloc/Air       16%        N/A       26%         3
 Manifold Assault         Tloc           14%        N/A       32%         4


Dungeon Overview and Level Annotations

Branches:
Dungeon (1/15)

Altars:


Innate Abilities, Weirdness & Mutations

You are very small and have problems with some larger weapons.
You are too small for most types of armour.
You have supernaturally acute eyesight. (SInv)
You cover ground extremely quickly. (Speed+++)


Message History

The ball python misses you. The ball python closely misses you.
The ball python misses you. The ball python grabs you.
The ball python constricts you.
You hit the ball python.
You kill the ball python!
No target in view!
No target in view!
e - a scroll labelled ETAKLO ROAQI
Found a spear.
A dart slug comes into view.
A dart slug is nearby!
A dart slug is nearby!
You hit the dart slug.
The dart slug is moderately wounded.
You hit the dart slug.
The dart slug is heavily wounded.
The dart slug launches a dart at you. The slug dart misses you.
You hit the dart slug but do no damage.
The dart slug is heavily wounded.
The dart slug barely misses you.
You hit the dart slug.
You kill the dart slug!
No target in view!
f - a bubbling puce potion A kobold comes into view.
It is wielding a +2 whip of distortion.
Found a lumpy sapphire potion.
Found an escape hatch in the floor.
Found a scroll labelled NYBRUN ONIDEIM.
The kobold shouts!
You reach to attack!
You barely miss the kobold. The kobold barely misses you.
You barely miss the kobold. The kobold misses you.
You closely miss the kobold. The kobold misses you.
You barely miss the kobold. The kobold misses you.
You barely miss the kobold.
The kobold hits you with a +2 whip of distortion.
Ouch! That really hurt!
Space warps horribly around you!
Ouch! That really hurt!
You die...

........?. ...
..........##.>
...........#..
..............####
#.................
..................##
#.#.........K...!...
...$........@...#.. ..
.................... .#
#.................# .###
#.....#........##.. ...#
#...........#...## .#.##
##..........#...#
......##..##.......##...
..###..............####.
...###....#..........


You could see a kobold.

Vanquished Creatures
  A dart slug (D:1)
  2 ball pythons (D:1)
3 creatures vanquished.

Notes
Turn   | Place    | Note
-------+----------+-------------------------------------------
     0 | D:1      | ChaosMuffin the Spriggan Warper began the quest for the
                  | Orb.
     0 | D:1      | Reached XP level 1. HP: 10/10 MP: 5/5
    72 | D:1      | Slain by a kobold

Illustrated notes

Levels and vault maps discovered:
D:1:      amcnicky_arrival_choice, layout_rooms, minmay_pentomino_w4

Action                     || total
---------------------------++-------
  Melee: Spear             ||    12
  Throw: Boomerang         ||     2
  Dodge: Dodged            ||     9
